 Dungeon Crawl Stone Soup version 0.13.1-2-gfb2c2b7 (webtiles) character file.

230 Lilouch the Firebug (level 4, -1/33 HPs)
             Began as a Hill Orc Fire Elementalist on Dec 3, 2013.
             Slain by an orc priest
             ... wielding a -1,+1 orcish flail
              (3 damage)
             ... on Level 3 of the Dungeon.
             The game lasted 00:07:59 (1729 turns).

Lilouch the Firebug (Hill Orc Fire Elementalist)    Turns: 1729, Time: 00:07:59

HP  -1/33        AC  3     Str 10      XL: 4   Next: 65%
MP   1/7         EV 12     Int 16      God:
Gold 135         SH  0     Dex 11      Spells:  1 memorised,  5 levels left

Res.Fire  : . . .   See Invis. : .   (no weapon)
Res.Cold  : + . .   Warding    : .   s - +1 robe {rC+}
Life Prot.: . . .   Conserve   : +   (no shield)
Res.Poison: .       Res.Corr.  : .   (no helmet)
Res.Elec. : .       Clarity    : .   (no cloak)
Sust.Abil.: . .     Spirit.Shd : .   (no gloves)
Res.Mut.  : .       Stasis     : .   (no boots)
Res.Rott. : .       Flight     : .   u - amulet of conservation {unknown}
Saprovore : + . .                    (no ring)
                                     (no ring)

@: slightly resistant to hostile enchantments, unstealthy
A: saprovore 1
a: Convert to Beogh


You were on level 3 of the Dungeon.
You were hungry.

You visited 1 branch of the dungeon, and saw 3 of its levels.

You collected 115 gold pieces.

Inventory:

Hand weapons
 a - a +0,+0 dagger
 m - a +0,+0 dagger
 w - a +0,+0 dagger
Missiles
 e - 30 stones (quivered)
Armour
 s - a +1 robe of cold resistance (worn)
Magical devices
 p - a wand of flame (11)
Comestibles
 c - 2 meat rations
 f - an apricot
 g - a honeycomb
 k - a pear
 n - a choko
 q - a rotting chunk of bat flesh
 t - a rotting chunk of bat flesh
 v - 4 chunks of orc flesh
Scrolls
 h - 4 scrolls of enchant weapon II {unknown}
 i - 2 scrolls of remove curse {unknown}
 j - a scroll of recharging {unknown}
 r - a scroll of magic mapping {unknown}
 x - a scroll of enchant weapon I {unknown}
Jewellery
 u - an amulet of conservation (around neck) {unknown}
Potions
 d - a potion of resistance {unknown}
 l - a potion of poison {unknown}
 o - 2 potions of degeneration {unknown}
Books
 b - a book of Flames

   Spells                             Type                      Level
   *Flame Tongue                      Conjuration/Fire             1
   Throw Flame                        Conjuration/Fire             2
   Conjure Flame                      Conjuration/Fire             3
   Inner Flame                        Hexes/Fire                   3
   Sticky Flame                       Conjuration/Fire             4
   Fireball                           Conjuration/Fire             5


   Skills:
 - Level 1.5 Dodging
 - Level 1.5 Stealth
 + Level 1.6 Spellcasting
 + Level 2.1 Conjurations
 * Level 4.8 Fire Magic


You had 5 spell levels left.
You knew the following spells:

 Your Spells              Type           Power        Failure   Level  Hunger
a - Flame Tongue          Conj/Fire      ##...        8%          1    ##.....


Dungeon Overview and Level Annotations

Branches:
Dungeon (3/27)

Altars:


Innate Abilities, Weirdness & Mutations

You can tolerate rotten meat.


Message History

Aiming: Flame Tongue
Press: ? - help, Shift-Dir - straight line, f/p - orc priest
Aim: an orc priest, wielding an orcish flail and wearing an orcish ring mail (almost dead)
The flame misses the orc priest.
The orc priest shouts, "Join the one true god or die!"
The orc priest shouts, "Join the one true god or die!"
You hit the orc priest.
The orc priest is almost dead.
The orc priest hits you with an orcish flail.
* * * LOW HITPOINT WARNING * * *
There is a stone staircase leading up here.
The orc priest shouts, "Join the one true god or die!"
You closely miss the orc priest.
The orc priest is almost dead.
The orc priest barely misses you.
You hit the orc priest but do no damage.
The orc priest is almost dead.
The orc priest shouts, "Join the one true god or die!"
The orc priest hits you with an orcish flail.
You die...

########
#.....@######
#.####.o..[.#
#.####.# #.#
#.#
#.#........#
#.#.##.#.#.#
..# #.#.# ...
..# . ### ###
##


You could see an orc priest.

Vanquished Creatures
  An orc wizard (D:3)
  Jessica (D:2)
  An adder (D:2)
  An ooze (D:1)
  2 orcs (D:3)
  5 bats
  A giant cockroach (D:2)
  5 goblins
  3 hobgoblins
  A quokka (D:2)
  A giant newt (D:2)
  2 jackals (D:2)
  6 kobolds
  4 rats
34 creatures vanquished.

Notes
Turn   | Place    | Note
--------------------------------------------------------------
     0 | D:1      | Lilouch, the Hill Orc Fire Elementalist, began the quest for the Orb.
     0 | D:1      | Reached XP level 1. HP: 14/14 MP: 3/3
   347 | D:1      | Reached XP level 2. HP: 15/20 MP: 0/4
   798 | D:2      | Noticed Jessica
   958 | D:2      | Killed Jessica
   958 | D:2      | Reached skill level 4 in Fire Magic
   958 | D:2      | Reached XP level 3. HP: 16/26 MP: 1/6
  1340 | D:2      | Reached XP level 4. HP: 33/33 MP: 4/7
  1726 | D:3      | HP: 1/33 [orc priest/orcish flail (4)]
  1729 | D:3      | Slain by an orc priest

Action                   |  1- 3 |  4- 6 || total
-------------------------+-------+-------++-------
Melee: Unarmed           |     8 |     3 ||    11
 Cast: Flame Tongue      |    51 |    19 ||    70
Evoke: Wand              |     1 |       ||     1
